 Dungeon Crawl Stone Soup version 0.31.0-11-ge490571c62 (webtiles) character file.

Game seed: 6552710022200302857

8001 retardedninja the Destroyer (level 11, -2/71 HPs)
             Began as a Gargoyle Fire Elementalist on Feb 5, 2024.
             Was a Follower of Vehumet.
             Slain by an orc warrior
             ... wielding a +0 halberd
              (8 damage)
             ... on level 9 of the Dungeon on Feb 6, 2024.
             The game lasted 00:25:41 (13493 turns).

retardedninja the Destroyer (GrFE)                 Turns: 13493, Time: 00:25:42

Health: -2/71      AC: 11    Str: 12    XL:     11   Next: 24%
Magic:  14/32      EV: 12    Int: 20    God:    Vehumet [*.....]
Gold:   598        SH:  0    Dex: 10    Spells: 19/26 levels left

rFire   x . .        (no weapon)
rCold   + . .        (no shield)
rNeg    + . .        y - +0 robe
rPois   ∞            (helmet restricted)
rElec   +            o - +0 cloak
rCorr   .            (no gloves)
SInv    .            (no boots)
Will    .....        (no amulet)
Stlth   ++           g - ring of magical power
HPRegen 0.31/turn    w - ring of protection from cold
MPRegen 0.23/turn

%: no passive effects
@: flying, very slightly contaminated
A: sickness immunity, AC +8, negative energy resistance 1, electricity
resistance, torment resistance 1, petrification resistance, big wings, horns 1,
heat vulnerability 1
a: Renounce Religion


You were on level 9 of the Dungeon.
You worshipped Vehumet.
Vehumet was aware of your devotion.
You visited 2 branches of the dungeon, and saw 10 of its levels.
You also visited: Sewer.

You collected 598 gold pieces.

Inventory:

Hand Weapons
 v - a +5 quarterstaff of chaos
Missiles
 n - 2 throwing nets
Armour
 f - a +0 kite shield
 o - a +0 cloak (worn)
 y - a +0 robe (worn)
Jewellery
 g - a ring of magical power (left hand)
 k - a +6 ring of strength
 w - a ring of protection from cold (right hand)
Wands
 u - a wand of polymorph (12)
 B - a wand of flame (6)
Scrolls
 a - a scroll of noise {unknown}
 d - a scroll of fog {unknown}
 i - 2 scrolls of amnesia {unknown}
 j - a scroll of torment {unknown}
 m - 3 scrolls of immolation {unknown}
 q - a scroll of poison {unknown}
 r - a scroll of silence {unknown}
 s - a scroll of enchant weapon
 x - a scroll of enchant armour {unknown}
 z - a scroll of revelation {unknown}
 C - a scroll of blinking {unknown}
Potions
 c - 3 potions of lignification
 e - 4 potions of haste
 h - 3 potions of resistance
 l - 2 potions of might
 p - 2 potions of attraction
Miscellaneous
 D - a tin of tremorstones (inert)
 E - a lightning rod (1/4)


   Skills:
 + Level 9.1 Fighting
 - Level 2.0 Dodging
 - Level 2.8 Stealth
 + Level 8.1 Spellcasting
 + Level 9.4 Conjurations
 + Level 9.1 Fire Magic


You had 19 spell levels left.
You knew the following spells:

 Your Spells              Type           Power      Damage    Failure   Level
a - Foxfire               Conj/Fire      100%       2x1d9     1%          1
b - Scorch                Fire           88%        2d8       1%          2
c - Flame Wave            Conj/Fire      45%        2d12      1%          4

Your spell library contained the following spells:

 Spells                   Type           Power      Damage    Failure   Level
 Shock                    Conj/Air       100%       1d9       1%          1
 Sting                    Conj/Alch      100%       1d9       1%          1
 Dazzling Flash           Conj/Hex       54%        N/A       3%          3
 Hailstorm                Conj/Ice       27%        3d8       3%          3
 Inner Flame              Hex/Fire       26%        N/A       3%          3
 Volatile Blastmotes      Fire/Tloc      52%        2d14      3%          3
 Mephitic Cloud           Conj/Alch/Air  20%        N/A       7%          3
 Mercury Vapours          Alch/Air       16%        N/A       13%         2
 Summon Ice Beast         Ice/Summ       8%         N/A       26%         3
 Irradiate                Conj/Alch      13%        3d16      32%         5
 Olgreb's Toxic Radiance  Alch           8%         N/A       63%         4
 Petrify                  Alch/Erth      8%         N/A       63%         4
 Curse of Agony           Necr           8%         N/A       93%         5
 Silence                  Hex/Air        4%         N/A       93%         5
 Sculpt Simulacrum        Ice/Alch       4%         N/A       100%        6
 Sublimation of Blood     Necr           Unusable   N/A       N/A         2

Dungeon Overview and Level Annotations

Branches:
Dungeon (9/15)             Temple (1/1) D:7            Lair (0/5) D:8
  Sewer (visited)
    Orc: D:9-12

Altars:
Ashenzari
Cheibriados
Dithmenos
Elyvilon
Fedhas
Gozag
Hepliaklqana
Kikubaaqudgha
Makhleb
Nemelex Xobeh
Okawaru
Qazlal
Ru
Sif Muna
Trog
Uskayaw
Vehumet
Wu Jian
Xom
Yredelemnul
Zin
The Shining One


Innate Abilities, Weirdness & Mutations

You are immune to sickness and miasma.
Your stone body is resilient. (AC +8)
You are immune to poison.
You resist negative energy. (rN+)
You are resistant to electric shocks. (rElec)
You are resistant to unholy torment.
You are immune to petrification.
Your large and strong wings let you fly.
You have a pair of small horns on your head.
You are vulnerable to heat. (rF-)


Message History

Confirm with . or Enter, or press ? or * to list all spells.
Casting: Flame Wave (dangerous; 1% risk of failure)
Press: ? - help, Dir - look around, f - activate A wave of flame ripples out!
The flame wave engulfs the centaur!
The centaur is severely wounded. (Press . to intensify the flame waves.)
The centaur hits you.
* * * LOW HITPOINT WARNING * * *
The centaur kicks you but does no damage.
The gnoll sergeant hits you but does no damage.
The orc warrior barely misses you. The centaur closely misses you.
The centaur barely misses you.
A wave of flame ripples out!
The flame wave engulfs the centaur!
You kill the centaur!
Vehumet accepts your kill.
The flame wave engulfs the gnoll sergeant!
The gnoll sergeant is severely wounded.
The flame wave engulfs the orc warrior!
The orc warrior is severely wounded.
The orc warrior throws a boomerang.
The boomerang hits you but does no damage.
A steam dragon comes into view.
The gnoll sergeant hits you from afar with a +0 spear!
* * * LOW HITPOINT WARNING * * *
A wave of flame ripples out!
The flame wave engulfs the gnoll sergeant!
You kill the gnoll sergeant!
Vehumet accepts your kill.
The flame wave engulfs the orc warrior but does no damage.
The orc warrior is severely wounded.
The flame wave engulfs the gnoll!
The gnoll is heavily wounded.
You finish channelling waves of flame.
The orc warrior hits you from afar with a +0 halberd!
* * * LOW HITPOINT WARNING * * *
It was a potion of mutation.
You feel extremely strange.
You feel vulnerable to heat. A pair of horns grows on your head!
Your wings grow larger and stronger.
The orc warrior hits you from afar with a +0 halberd!
You die...

#.#. #... ##...
#.... ##...D
#.....##########
##.........).....
##.....#...)g#....
....##...@)o.....
...#..####).... #.
#.#..# .... #..
#....# ...
#..##...######. ..
..#.....##..... .
.....##........
##.......#####>
..>.....##


You could see a steam dragon, an orc warrior and a gnoll.

Vanquished Creatures
  A two-headed ogre (D:8)
  A boulder beetle (D:7)
  An ugly thing (D:8)
  An orange demon (D:9)
  2 ice devils (D:8)
  A hornet (D:9)
  2 hellwings
  A slime creature (D:7)
  A wraith (D:8)
  A neqoxec (D:9)
  A warg (D:8)
  A vampire mosquito (D:8)
  Eustachio (D:5)
  A steam dragon (D:6)
  Duvessa (D:6)
  An acid dragon (D:8)
  2 water moccasins (D:5)
  4 orc warriors
  3 sky beasts
  2 black bears (D:6)
  An ice beast (D:7)
  2 ogres
  2 wolves (D:8)
  A centaur (D:9)
  A phantom (D:5)
  2 kobold brigands (Sewer)
  2 gnoll sergeants
  Blork the orc (D:4)
  3 bullfrogs
  4 wights
  Dowan (D:6)
  5 killer bees
  3 howler monkeys
  A quasit (Sewer)
  3 hounds
  Crazy Yiuf (D:2)
  A gnoll bouda (D:8)
  6 orc priests
  A jelly (D:8)
  5 iguanas
  Jessica (D:2)
  Terence (D:2)
  2 sleepcaps
  6 orc wizards
  A hound zombie (D:4)
  10 gnolls
  8 adders
  5 shadow imps
  4 white imps
  12 ufetubi
  An adder zombie (D:4)
  2 dart slugs
  A ribbon worm (D:2)
  39 orcs
  6 endoplasms
  4 giant cockroaches (D:4)
  3 goblins
  11 hobgoblins
  18 kobolds
  3 quokkas
  8 ball pythons
  7 bats
  A giant cockroach zombie (Sewer)
  5 rats
234 creatures vanquished.

Vanquished Creatures (others)
  An endoplasm (Sewer)
  A kobold zombie (Sewer)
  719 foxfires
721 creatures vanquished.

Grand Total: 955 creatures vanquished

Notes
Turn   | Place    | Note
-------+----------+-------------------------------------------
     0 | D:1      | retardedninja the Gargoyle Fire Elementalist began the
                  | quest for the Orb.
     0 | D:1      | Reached XP level 1. HP: 10/10 MP: 3/3
   195 | D:1      | Reached XP level 2. HP: 13/15 MP: 0/5
  1026 | D:2      | Reached XP level 3. HP: 17/19 MP: 3/6
  1248 | D:2      | Learned a level 2 spell: Scorch
  1334 | D:2      | Noticed Jessica
  1340 | D:2      | Killed Jessica
  1341 | D:2      | Reached XP level 4. HP: 24/24 MP: 3/7
  1471 | D:2      | Noticed Terence
  1503 | D:2      | HP: 1/24 [Terence/+0 hand axe (2)]
  1504 | D:2      | Killed Terence
  1505 | D:2      | Reached skill level 1 in Fighting
  1892 | D:2      | You fall into a shaft and drop 2 floors!
  1949 | D:4      | Noticed Blork the orc
  1997 | D:4      | Reached XP level 5. HP: 26/29 MP: 6/9
  2032 | D:4      | Found a glowing drain.
  2037 | Sewer    | Entered a sewer
  2329 | Sewer    | Found a burning altar of Makhleb.
  2329 | Sewer    | Noticed a kobold brigand
  2367 | Sewer    | Killed a kobold brigand
  2368 | Sewer    | Reached XP level 6. HP: 16/35 MP: 2/10
  2695 | Sewer    | Identified the +3 leather armour "Oxeac" {rElec Will++
                  | Str-2}
  3275 | D:2      | Found a runed translucent door.
  3276 | D:2      | Noticed Crazy Yiuf
  3672 | D:2      | Killed Crazy Yiuf
  3818 | D:3      | Found a sparkling altar of Nemelex Xobeh.
  3960 | D:3      | Reached XP level 7. HP: 41/41 MP: 12/12
  4887 | D:4      | Killed Blork the orc
  5131 | D:4      | Found a basalt altar of Yredelemnul.
  5677 | D:5      | Entered Level 5 of the Dungeon
  5720 | D:5      | Noticed Eustachio
  5724 | D:5      | Killed Eustachio
  5725 | D:5      | Reached skill level 5 in Fire Magic
  5772 | D:5      | Found a blossoming altar of Fedhas.
  5814 | D:5      | Reached XP level 8. HP: 42/48 MP: 12/14
  5916 | D:5      | Reached skill level 5 in Conjurations
  6948 | D:6      | Reached skill level 5 in Spellcasting
  6949 | D:6      | Reached skill level 5 in Fighting
  7071 | D:6      | Found a white marble altar of Elyvilon.
  7362 | D:6      | Noticed Dowan
  7373 | D:6      | Killed Dowan
  7430 | D:5      | Reached XP level 9. HP: 27/54 MP: 17/17
  7686 | D:6      | Noticed Duvessa
  7696 | D:6      | Killed Duvessa
  8593 | D:6      | Found a shimmering blue altar of Sif Muna.
  8823 | D:7      | Noticed a boulder beetle
  8888 | D:7      | Killed a boulder beetle
  9038 | D:7      | Reached XP level 10. HP: 55/63 MP: 19/19
  9627 | D:7      | Found a staircase to the Ecumenical Temple.
  9714 | Temple   | Entered the Ecumenical Temple
  9733 | Temple   | Became a worshipper of Vehumet
  9868 | D:8      | Learned a level 4 spell: Flame Wave
  9954 | D:8      | Noticed a white ugly thing
 10452 | D:8      | Killed a white ugly thing
 10748 | D:8      | Noticed a two-headed ogre
 10757 | D:8      | Killed a two-headed ogre
 10863 | D:8      | Found a staircase to the Lair.
 11081 | D:8      | Found a sacrificial altar of Ru.
 12620 | D:8      | Reached XP level 11. HP: 55/69 MP: 22/22
 13080 | D:8      | Reached * piety under Vehumet
 13080 | D:8      | Offered knowledge of Shock by Vehumet.
 13493 | D:9      | Gained mutation: You are vulnerable to heat. (rF-) [potion
                  | of mutation]
 13493 | D:9      | Gained mutation: You have a pair of small horns on your
                  | head. [potion of mutation]
 13493 | D:9      | Gained mutation: Your large and strong wings let you fly.
                  | [potion of mutation]
 13493 | D:9      | Slain by an orc warrior

Illustrated notes

Levels and vault maps discovered:
D:1:      spicycebolla_arrival_risky_transporter, layout_basic
D:2:      layout_basic, kennysheep_crisscross, uniq_jessica,
          uniq_crazy_yiuf_cottage, uniq_terence
D:3:      layout_loops_ring, mainiacjoe_overflow_surrounded_room,
          minmay_starry_boxes
D:4:      layout_loops_corners, lemuel_zombie_altar_yredelemnul,
          gup_sewer_entry_bowl, kennysheep_doodads, minmay_bisected,
          uniq_blork_the_orc
D:5:      layout_basic, fedhas_altar_1, mrwooster_statue_mirror, hex_medium,
          uniq_eustachio
D:6:      layout_basic, mainiacjoe_overflow_chevrons, led_sif_pool, uniq_duvessa
D:7:      layout_rooms, minmay_temple_entry_antechambers,
          serial_library_hellmonk_double_dead_end, hangedman_minor_gate_pass
D:8:      minmay_blocky_corners, layout_basic, lemuel_coloured_pillars_altar,
          erik_lair_orcish_takeover
D:9:      layout_rooms, gammafunk_ghost_icy, minivault_5,
          nicolae_neqoxec_dot_bat, uniq_prince_ribbit1, uniq_jeremiah
Temple:   nicolae_temple_slightly_damp_pantheon

Skill      XL: |  1  2  3  4  5  6  7  8  9 10 11 |
---------------+----------------------------------+-----
Dodging        | 2 |  2.0
Conjurations   | 2 3 4 6 7 9 |  9.4
Fighting       | 1 2 3 4 5 7 8 9 |  9.1
Spellcasting   | 3 4 5 6 7 8 |  8.1
Fire Magic     | 4 5 6 7 8 9 |  9.1
Stealth        | |  2.8

Action                     |  1- 3 |  4- 6 |  7- 9 | 10-12 || total
---------------------------+-------+-------+-------+-------++-------
  Melee: Unarmed           |    11 |    10 |       |       ||    21
         Dagger            |       |     7 |       |       ||     7
         Quarterstaff      |       |       |    23 |     9 ||    32
   Cast: Foxfire           |    60 |   105 |   215 |    62 ||   442
         Scorch            |       |    25 |    74 |    51 ||   150
         Flame Wave        |       |       |       |    23 ||    23
  Evoke: Wand              |       |     5 |    13 |     2 ||    20
         Lightning rod     |       |       |       |     5 ||     5
         Tin of tremorston |       |       |       |     2 ||     2
    Use: Potion            |       |     2 |     5 |     5 ||    12
         Scroll            |       |     5 |     9 |     2 ||    16
 Armour: Robe              |    31 |    78 |   131 |   177 ||   417
  Dodge: Dodged            |    21 |    79 |   128 |   121 ||   349
